Map: 強酸工廠 - 天梯版

Players

Nice - Winner!

  • Race: Protoss Protoss
  • Spawn Location: 11:00

NeXa

  • Race: Protoss Protoss
  • Spawn Location: 5:00

Event: WCS Montreal 2018

VOD

Have the link to the VOD?

Description

Time

  • Played on: Sept. 7, 2018, 12:16 p.m.
  • Length: 7:02

All games in this series

Show
View Real Time Build Order
Export as new Build Order

Nice Protoss - Winner!

Build Orders:  

Get SALT Encoding   

  12  0:00  Probe  
  13  0:12  Probe  
  14  0:21  Pylon  
  14  0:24  Probe  
  15  0:36  Probe  
  15  0:42  Gateway  
  16  0:44  Probe  
  16  0:49  Assimilator  
  17  0:53  Probe, Assimilator  
  18  1:01  Probe  
  18  1:09  Gateway  
  18  1:10  Probe  
  20  1:19  Probe  
  21  1:29  Cybernetics Core  
  21  1:31  Probe  
  22  1:38  Pylon  
  22  1:44  Probe  
  23  1:50  Warp Gate  
  23  1:56  Probe  
  24  2:09  Stalker x2, Pylon  
  28  2:18  Pylon  
  28  2:39  Stalker x2, Gateway  
  32  2:53  Pylon  
  32  3:09  Stalker x2  
  35  3:19  Robotics Facility  
  35  3:22  Shield Battery  
  35  3:52  Adept x3  
  39  4:07  Observer  
  39  4:09  Pylon  
  40  4:16  Nexus  
  40  4:24  Sentry x3  
  46  4:34  Immortal  
  44  4:59  Sentry, Zealot x2  
  50  5:05  Immortal  
  50  5:20  Shield Battery  
  54  5:29  Zealot  
  54  5:31  Sentry  
  54  5:33  Warp Prism  
  58  5:46  Probe  
  61  5:54  Zealot  
  63  5:57  Sentry  
  65  6:12  Sentry  
  65  6:15  Zealot  
  63  6:34  Zealot  
  63  6:53  Zealot  
  63  6:54  Zealot  
Show
View Real Time Build Order
Export as new Build Order

NeXa Protoss 

Build Orders:  

Get SALT Encoding   

  12  0:00  Probe  
  13  0:12  Probe  
  14  0:18  Pylon  
  14  0:25  Probe  
  15  0:34  Probe  
  15  0:38  Gateway  
  15  0:42  Probe  
  16  0:47  Assimilator  
  17  0:51  Probe  
  17  0:56  Assimilator  
  18  1:03  Probe  
  19  1:10  Gateway  
  19  1:15  Probe  
  20  1:25  Cybernetics Core  
  20  1:27  Probe  
  21  1:37  Pylon  
  21  1:40  Probe  
  22  1:52  Adept  
  22  1:53  Adept  
  22  1:55  Probe  
  27  2:03  Warp Gate  
  27  2:10  Pylon  
  27  2:23  Robotics Facility  
  26  2:39  Stalker x2  
  30  2:45  Probe  
  31  2:54  Gateway  
  31  3:03  Immortal  
  33  3:28  Pylon  
  33  3:31  Pylon  
  33  3:39  Immortal  
  35  4:01  Shield Battery  
  35  4:06  Sentry x2  
  39  4:10  Stalker  
  39  4:11  Warp Prism  
  40  4:42  Pylon  
  40  4:44  Stalker x2  
  40  4:45  Stalker  
  44  5:03  Pylon  
  44  5:08  Observer  
  44  5:09  Stalker x2  
  44  5:12  Sentry  
  50  5:18  Probe  
  52  5:30  Probe  
  52  5:48  Warp Prism  
  51  6:16  Zealot x3  
  51  6:39  Sentry x3  
Tags
 
Add a new tag
Caveats
  • Supply blocks, unpowered buildings, or Contaminate may cause inaccurate times.
  • Supply counts are checked every 10 seconds.